 Dungeon Crawl Stone Soup version 0.28-a0-1387-g3a22ab9bdc (webtiles) character file.

Game seed: 9888271839314343841

399 ders the Magician (level 7, -6/45 HPs)
             Began as a Djinni Fire Elementalist on Jan 2, 2022.
             Mangled by Duvessa (12 damage)
             ... on level 4 of the Dungeon.
             The game lasted 00:04:43 (5630 turns).

ders the Magician (Djinni Fire Elementalist)        Turns: 5630, Time: 00:04:44

Health: -6/45      AC:  3    Str:  7    XL:     7   Next: 10%
Gold:   204        EV: 12    Int: 18    God:
                   SH:  0    Dex: 14

rFire   + + .      SeeInvis .   u - staff of conjuration
rCold   x . .      Faith    .   (no shield)
rNeg    . . .      Spirit   .   k - +0 leather armour
rPois   ∞          Reflect  .   (no helmet)
rElec   .          Harm     .   (no cloak)
rCorr   .          Rampage  .   (no gloves)
Will    .....                   (boots unavailable)
Stlth   ++........              (no amulet)
HPRegen 0.15/turn               b - ring of wizardry
MPRegen 0.00/turn               (no ring)

@: flying
A: sickness immunity, fire resistance 2, cold vulnerability 1, float, innate
caster, hp casting, extra vitality 1
a: no special abilities


You were on level 4 of the Dungeon.
You visited 1 branch of the dungeon, and saw 5 of its levels.

You collected 204 gold pieces.

Inventory:

Armour
 a - a +0 robe
 k - a +0 leather armour (worn)
Magical Staves
 d - a staff of earth
 u - a staff of conjuration (weapon)
Jewellery
 b - a ring of wizardry (left hand)
Wands
 p - a wand of iceblast (8)
Scrolls
 c - a scroll of fog
 e - 2 scrolls of identify
 h - 2 scrolls of teleportation {unknown}
 i - a scroll of blinking {unknown}
 l - a scroll of summoning {unknown}
 n - a scroll of vulnerability {unknown}
 q - a scroll of enchant armour {unknown}
 r - a scroll of torment {unknown}
 w - a scroll of holy word {unknown}
Potions
 f - 2 potions of curing {unknown}
 g - 3 potions of might
 j - a potion of berserk rage {unknown}
 m - a potion of magic {unknown}
 o - a potion of cancellation {unknown}
 s - 5 potions of heal wounds {unknown}
 t - a potion of resistance {unknown}
 v - a potion of brilliance {unknown}


   Skills:
 - Level 2.9 Dodging
 - Level 2.2 Stealth
 + Level 5.4 Spellcasting


You couldn't memorise any spells.
You knew the following spells:

 Your Spells              Type           Power      Damage    Failure   Level
a - Foxfire               Conj/Fire      100%       2x1d9     1%          1
b - Scorch                Fire           48%        2d7       1%          2
c - Conjure Flame         Conj/Fire      36%        6-21      2%          3
d - Inner Flame           Hex/Fire       24%        N/A       2%          3
e - Flame Wave            Conj/Fire      36%        2d7       9%          4
f - Magic Dart            Conj           100%       1d8       1%          1
g - Searing Ray           Conj           72%        2d7       1%          2
h - Teleport Other        Tloc           24%        N/A       2%          3
Your spell library was empty.

Dungeon Overview and Level Annotations

Branches:
Dungeon (5/15)
 Temple: D:4-7

Altars:
Cheibriados
Dithmenos
Kikubaaqudgha
Makhleb
Wu Jian
Yredelemnul
The Shining One

Annotations:
D:4 2 transporters, Duvessa, Menkaure


Innate Abilities, Weirdness & Mutations

You are immune to sickness and miasma.
You are immune to poison.
Your flesh is very heat resistant. (rF++)
You are vulnerable to cold. (rC-)
You float through the air rather than walking.
You learn spells naturally, not from books.
Your magical power is your life essence.
You have superior vitality. (+4 MHP)


Message History

The foxfire hits Duvessa.
Duvessa is heavily wounded.
The foxfire hits Duvessa but does no damage.
Duvessa is heavily wounded.
The foxfire hits Duvessa.
Duvessa is heavily wounded.
You fly upwards.
Level annotation: 2 transporters, Menkaure
There is a stone staircase leading down here.
You start resting.
Your magical contamination has completely faded away.
You start resting.
HP restored.
You fly downwards.
Level annotation: Duvessa Duvessa hits you with a +0 short sword.
Duvessa closely misses you. x2
There is a stone staircase leading up here.
Casting: Foxfire (safe; 1% risk of failure)
Confirm with . or Enter, or press ? or * to list all spells.
Flames lash Duvessa.
Duvessa is heavily wounded.
Duvessa's fire resistance burns away.
Duvessa hits you with a +0 short sword! Duvessa completely misses you.
Duvessa hits you with a +0 short sword!
Unknown command.
Duvessa barely misses you.
You fly upwards.
Level annotation: 2 transporters, Menkaure
There is a stone staircase leading down here.
As you read the scroll labelled ELUISEK CULE, it crumbles to dust.
It is a scroll of identify.
g - 3 potions of might Duvessa completely misses you. x2
Duvessa is no longer more vulnerable to fire.
Duvessa hits you with a +0 short sword!
* * * LOW HITPOINT WARNING * * *
Okay, then.
As you read the scroll labelled LUONEO RA ZIL, it crumbles to dust.
The scroll dissolves into smoke.
It was a scroll of fog.
Duvessa closely misses you. Duvessa hits you with a +0 short sword!
You die...

#.# #.......... #.#
#..........
#.#############..........
#................#+######
################.#.# ##.
##############.#.####..
#...##§§...............
#.#.##e#######.###.####
#.#.##@# #.# #.# #
#.#.##§#######.###.####
#.#.##§§...............
#.#.##########.#....... #.#.#
####.#.#.#### #######.#.#
#....#.#.# #
#.......#.#######....#.#.####
#......................#.....
#......##'#######.....)###...


You could see Duvessa (berserk).

Vanquished Creatures
  An ogre (D:4)
  A phantom (D:4)
  Dowan (D:5)
  Jessica (D:2)
  A hound skeleton (D:4)
  7 adders
  3 worms
  3 dart slugs
  2 orcs (D:3)
  9 ball pythons
  4 bats
  6 endoplasms
  4 giant cockroaches
  4 goblins
  4 hobgoblins
  11 jackals
  3 quokkas (D:1)
  4 frilled lizards
  4 kobolds
  7 rats
80 creatures vanquished.

Vanquished Creatures (collateral kills)
  8 foxfires (D:1)
8 creatures vanquished.

Vanquished Creatures (others)
  277 foxfires
  A fungus (D:1)
  3 plants (D:1)
281 creatures vanquished.

Grand Total: 369 creatures vanquished

Notes
Turn   | Place    | Note
-------+----------+-------------------------------------------
     0 | D:1      | ders the Djinni Fire Elementalist began the quest for the
                  | Orb.
     0 | D:1      | Reached XP level 1. HP: 15/15 MP: 0/0
   227 | D:1      | Reached XP level 2. HP: 20/21 MP: 0/0
   632 | D:1      | Found a faded altar of an unknown god.
   981 | D:1      | Reached XP level 3. HP: 22/25 MP: 0/0
   981 | D:1      | Learned a level 1 spell: Magic Dart
  1868 | D:2      | Noticed Jessica
  1871 | D:2      | Killed Jessica
  1872 | D:2      | Reached skill level 3 in Spellcasting
  1872 | D:2      | Reached XP level 4. HP: 28/31 MP: 0/0
  2380 | D:2      | Reached XP level 5. HP: 28/35 MP: 0/0
  2380 | D:2      | Learned a level 2 spell: Searing Ray
  2448 | D:2      | Found Gaseas's Antique Armour Shop.
  3187 | D:3      | Reached skill level 4 in Spellcasting
  3198 | D:3      | Found a burning altar of Makhleb.
  3644 | D:3      | Found a snail-covered altar of Cheibriados.
  3900 | D:4      | Found a shadowy altar of Dithmenos.
  3961 | D:4      | Noticed Menkaure
  3964 | D:4      | Found a basalt altar of Yredelemnul.
  3964 | D:4      | Noticed a phantom
  3974 | D:4      | Found a transporter.
  4264 | D:4      | Found a glowing golden altar of the Shining One.
  4295 | D:4      | Found a transporter.
  4345 | D:4      | Noticed an ogre
  4353 | D:4      | Killed an ogre
  4354 | D:4      | Reached XP level 6. HP: 28/40 MP: 0/0
  4787 | D:4      | Found an ornate altar of the Wu Jian Council.
  4857 | D:4      | Reached skill level 5 in Spellcasting
  5441 | D:5      | Entered Level 5 of the Dungeon
  5441 | D:5      | Noticed Duvessa
  5441 | D:5      | Noticed Dowan
  5446 | D:5      | Killed Dowan
  5447 | D:5      | Reached XP level 7. HP: 36/45 MP: 0/0
  5447 | D:5      | Learned a level 3 spell: Teleport Other
  5630 | D:4      | Mangled by Duvessa

Illustrated notes

Levels and vault maps discovered:
D:1:      lordsloth_arrival_two_stooges, layout_loops_cross,
          dreamdust_ecumenical_altar_hidden_monk_grotto, minmay_nonomino_d4
D:2:      layout_basic, serial_shops, nicolae_shop_waterfront, basic_altar,
          st_stairs_8, uniq_jessica
D:3:      layout_loops_ring, amcnicky_altar_gilded,
          mainiacjoe_overflow_cross_hatched
D:4:      layout_basic, mainiacjoe_overflow_surrounded_room, tso_altar,
          lemuel_crystal_altar, gammafunk_temple_of_torment, minmay_bisected
D:5:      layout_cave_pools, minmay_guarded_unrand_staff_of_olgreb,
          uniq_duvessa, uniq_ijyb, uniq_crazy_yiuf_cottage

Skill      XL: |  1  2  3  4  5  6 |
---------------+-------------------+-----
Stealth        | 2 |  2.2
Spellcasting   | 3 4 5 |  5.4
Dodging        | |  2.9

Action                   |  1- 3 |  4- 6 |  7- 9 || total
-------------------------+-------+-------+-------++-------
 Cast: Foxfire           |    62 |   106 |     2 ||   170
       Magic Dart        |    10 |     1 |     1 ||    12
       Scorch            |     1 |     6 |     1 ||     8
       Conjure Flame     |       |     1 |       ||     1
       Inner Flame       |       |     1 |       ||     1
       Flame Wave        |       |     1 |     1 ||     2
       Teleport Other    |       |       |     1 ||     1
  Use: Scroll            |       |       |     2 ||     2
Armor: Robe              |     8 |       |       ||     8
       Leather armour    |       |    10 |       ||    10
Dodge: Dodged            |    17 |    21 |     8 ||    46

Table legend: (Time is in decaauts)
 A = Elapsed time spent in this place.
 B = Non-inter-level travel time spent in this place.
 C = Inter-level travel time spent in this place.
 D = Time resting spent in this place.
 E = Time spent auto-exploring this place.
 F = Levels seen in this place.
 G = Mean time per level.
                   A        B        C        D        E       F      G
               +--------+--------+--------+--------+--------+-----+--------+
         Total |   5630 |   5505 |    125 |   1304 |   3597 |   5 | 1126.0 |
       Dungeon |   5630 |   5505 |    125 |   1304 |   3597 |   5 | 1126.0 |
               +--------+--------+--------+--------+--------+-----+--------+

Top non-repeatable levels by time:
     D:1: 1777 daAuts
     D:4: 1560 daAuts
     D:2: 1248 daAuts
     D:3: 997 daAuts
     D:5: 46 daAuts
